AoeStats
← Kaer Morhen

Black Forest

509428599Analyzed
3v3 RM · 6d ago on Sep 26, 2026· 36m 6s· 6 players
Game mode
Random Map
Map size
Normal (6 player)
Population
200
Speed
Normal
Resources
Standard
Victory
Conquest
Starting age
Dark Age
Ending age
Imperial Age
RankedLock teamsTeams togetherTeam positionsShared explorationLock speedFull tech treeHidden civsTurbo modeCheats
Victory
Defeat
🇵🇱 Japanese · Poland
1334
+14
🇨🇿 Teutons · Czechia
1320
+15
🇧🇪 Persians · Belgium
1301
+15
🇩🇪 Celts · Germany
1308
-16
🇧🇪 Persians · Belgium
1301
-15
🇧🇪 Bohemians · Belgium
1255
-13
The_Physicist
0:44 Loom
12:15 Feudal Age
13:15 Man-at-Arms
27:55 Castle Age
25:59 Double-Bit Axe
26:51 Scale Mail Armor
27:01 Gold Mining
28:09 Stone Mining
28:46 Bow Saw
28:24 Long Swordsman
29:22 Gambesons
30:27 Forging
30:01 Horse Collar
Professor Chaos
0:44 Loom
13:01 Feudal Age
14:10 Wheelbarrow
13:27 Double-Bit Axe
13:28 Horse Collar
20:23 Castle Age
21:07 Hand Cart
20:54 Heavy Plow
21:33 Bow Saw
25:00 Town Watch
28:44 Scale Barding Armor
34:36 Imperial Age
33:11 Forging
33:10 Husbandry
33:20 Bloodlines
34:10 Chain Barding Armor
35:06 Iron Casting
tano
7:19 Loom
13:33 Feudal Age
15:04 Scale Barding Armor
15:51 Forging
16:30 Double-Bit Axe
16:26 Horse Collar
21:17 Wheelbarrow
25:07 Castle Age
28:02 Bow Saw
27:38 Pikeman
29:17 Iron Casting
28:42 Scale Mail Armor
31:01 Hand Cart
33:58 Fletching
34:55 Murder Holes
Hane
11:44 Feudal Age
15:15 Castle Age
13:05 Double-Bit Axe
16:20 Bow Saw
15:56 Horse Collar
18:31 Loom
21:47 Wheelbarrow
22:59 Hand Cart
23:31 Heavy Plow
25:33 Masonry
27:58 Fervor
31:09 Imperial Age
28:57 Scale Barding Armor
29:03 Forging
29:06 Bloodlines
29:01 Gold Mining
30:33 Husbandry
30:54 Chain Barding Armor
31:09 Iron Casting
30:49 Cavalier
32:38 Two-Man Saw
32:46 Chemistry
33:24 Plate Barding Armor
34:18 Savar
37:01 Conscription
Kaer Morhen
0:49 Loom
12:36 Feudal Age
17:16 Castle Age
16:45 Wheelbarrow
16:36 Double-Bit Axe
16:34 Horse Collar
18:13 Heavy Plow
18:30 Bow Saw
21:10 Squires
21:10 Gold Mining
23:41 Scale Mail Armor
26:58 Pikeman
29:09 Ironclad
29:45 Hand Cart
30:23 Town Watch
34:27 Imperial Age
34:01 Chain Mail Armor
33:56 Forging
34:51 Halberdier
36:02 Plate Mail Armor
36:08 Iron Casting
35:55 Conscription
35:28 Capped Ram
37:20 Two-Man Saw
37:06 Crop Rotation
GoodFunHaveLuck
12:46 Feudal Age
12:47 Man-at-Arms
13:16 Arson
20:50 Loom
21:40 Double-Bit Axe
24:51 Castle Age
23:14 Forging
23:06 Scale Mail Armor
23:46 Horse Collar
24:54 Long Swordsman
25:21 Gambesons
25:37 Squires
25:39 Gambesons
25:55 Squires
29:45 Iron Casting
29:25 Chain Mail Armor
Connection lost

Rejoining the realm…

Still unreachable

The connection could not be restored.

Session expired

The server has moved on; the page needs a fresh start.